 Dungeon Crawl Stone Soup version 0.25.1-2-g60ff931df9 (webtiles) character file.

Game seed: 10195414033740717981

19122 Peloso the Blocker (level 12, -16/92 HPs)
             Began as a Demonspawn Fighter on Sept 2, 2020.
             Was a High Priest of Okawaru.
             Engulfed by a cloud of freezing vapour (21 damage)
             ... on level 7 of the Dungeon on Sept 3, 2020.
             The game lasted 00:31:42 (15601 turns).

Peloso the Blocker (Demonspawn Fighter)            Turns: 15601, Time: 00:31:42

Health: -16/92     AC: 16    Str: 23    XL:     12   Next: 33%
Magic:  0/13       EV:  6    Int: 15    God:    Okawaru [*****.]
Gold:   828        SH: 17    Dex:  8    Spells: 11/11 levels left

rFire    . . .     SeeInvis .   a - +1 double sword (vorpal)
rCold    . . .     Gourm    .   c - +0 kite shield
rNeg     . . .     Faith    .   k - +1 plate armour
rPois    .         Spirit   +   (no helmet)
rElec    .         Reflect  +   B - scarf {+Inv}
rCorr    .         Harm     .   (no gloves)
MR       .....                  (boots unavailable)
Stlth    ..........             i - amulet of reflection
HPRegen  0.25/turn              G - +6 ring of intelligence
MPRegen  0.26/turn              E - -4 ring of dexterity (curse)

@: drained
A: hooves 3, slimy green scales 2, powered by pain 2, magic shield, magic
regeneration
a: Heroism, Finesse, Renounce Religion, Evoke Invisibility


You were on level 7 of the Dungeon.
You worshipped Okawaru.
Okawaru was extremely pleased with you.
You were not hungry.

You visited 1 branch of the dungeon, and saw 13 of its levels.

You collected 828 gold pieces.

Inventory:

Hand Weapons
 a - a +1 vorpal double sword (weapon)
 b - a +1 scimitar of flaming
 K - the +1 long sword of Natyis {freeze, *Drain +Inv Str+9 Dex-2}
   (Okawaru gifted it to you on level 10 of the Dungeon)

   It has been specially enchanted to freeze those struck by it, causing extra
   injury to most foes and up to half again as much damage against particularly
   susceptible opponents.
   It can also slow down cold-blooded creatures.
   It affects your strength (+9).
   It affects your dexterity (-2).
   It lets you turn invisible.
   It causes draining when unequipped.
Missiles
 m - 110 bolts
Armour
 c - a +0 kite shield (worn)
 k - a +1 plate armour (worn)
 l - a +0 chain mail
 B - a scarf of invisibility (worn)
Jewellery
 g - an uncursed ring of protection from magic
 i - an amulet of reflection (around neck)
 r - an uncursed ring of flight
 E - a cursed -4 ring of dexterity (right hand)
 G - a +6 ring of intelligence (left hand)
Wands
 v - a wand of iceblast (27)
 D - a wand of flame (27)
 H - a wand of acid (16)
 J - a wand of disintegration (9)
Scrolls
 e - a scroll of enchant armour
 j - 8 scrolls of remove curse
 n - 3 scrolls of fear
 o - 3 scrolls of magic mapping
 q - 7 scrolls of identify
 u - 3 scrolls of immolation
 x - a scroll of summoning
 y - 4 scrolls of teleportation
 A - 3 scrolls of noise
 C - a scroll of blinking {unknown}
 I - a scroll of fog {unknown}
Potions
 d - 2 potions of might
 h - a potion of resistance
 s - a potion of mutation
 t - a potion of degeneration {unknown}
 w - a potion of stabbing {unknown}
 z - a potion of cancellation {unknown}
 F - a potion of ambrosia {unknown}
Comestibles
 f - 23 rations
 p - 6 chunks of flesh


   Skills:
 + Level 7.7(6.8) Fighting
 + Level 11.5(10.5) Long Blades
 + Level 7.2(6.3) Armour
 + Level 1.7(0.9) Dodging
 + Level 1.6(0.9) Stealth
 + Level 11.6(10.6) Shields
 + Level 2.5(1.7) Invocations


You had 11 spell levels left.
You didn't know any spells.
Your spell library contained the following spells:

 Spells                   Type           Power        Failure   Level  Hunger
 Animate Skeleton         Necr           N/A          100%        1    ##.....
 Apportation              Tloc           #.....       100%        1    ##.....
 Corona                   Hex            #......      100%        1    ##.....
 Pain                     Necr           #...         100%        1    ##.....
 Summon Small Mammal      Summ           #...         100%        1    ##.....
 Confusing Touch          Hex            #.......     100%        3    ####...
 Gell's Gravitas          Tloc           #.........   100%        3    ####...
 Vampiric Draining        Necr           #.........   100%        3    ####...
 Animate Dead             Necr           N/A          100%        4    #####..
 Petrify                  Tmut/Erth      #.......     100%        4    #####..
 Agony                    Necr           #.......     100%        5    ######.
 Metabolic Englaciation   Hex/Ice        #.........   100%        5    ######.
 Yara's Violent Unravell  Hex/Tmut       #.........   100%        5    ######.


Dungeon Overview and Level Annotations

Branches:
Dungeon (13/15)            Temple (0/1) D:4            Lair (0/6) D:10
    Orc (0/2) D:12         Vaults (0/5) D:13

Altars:
Dithmenos
Elyvilon
Gozag
Hepliaklqana
Okawaru
Qazlal
Ru
Sif Muna
Trog
Wu Jian
Xom

Shops:
D:9 (}[(


Innate Abilities, Weirdness & Mutations

You have hooves in place of feet.
You are mostly covered in slimy green scales. (AC +3)
You sometimes gain power by taking damage.
When hurt, damage is shared between your health and your magic reserves.
You regenerate magic rapidly.


Message History

Okawaru says: Bring me glory in combat!
Press ? for a list of commands and other information.
Welcome back, Peloso the Demonspawn Fighter.
Okawaru says: Bring me glory in combat!
Press ? for a list of commands and other information.
Really walk into a travel-excluded area?
There is an open door here.
You are engulfed in freezing vapours.
You are engulfed in freezing vapours.
You are engulfed in freezing vapours.
You are engulfed in freezing vapours.
You are engulfed in freezing vapours.
You are engulfed in freezing vapours.
You are engulfed in freezing vapours.
* * * LOW HITPOINT WARNING * * *
You focus on the pain.
You feel your power returning.
You are engulfed in freezing vapours.
* * * LOW HITPOINT WARNING * * *
You are engulfed in freezing vapours.
You die...

##.#☼##
##.##..##.
##.#☼##
#.#...#..
##☼#☼##
#.##....#
##☼#.##
#..##....
##☼#.##
##..#####
##☼#.##
##.....#
##☼#.##
#####..
##☼#.##
####
##@#.##
#...
##☼..##
#...
#######
#...
#######
#... #...
#... #...
#... #...


There were no monsters in sight!

Vanquished Creatures
  Erica (D:8)
  A two-headed ogre (D:8)
  2 dancing weapons (D:13)
  The ghost of sirjames the Reanimator, a novice DDNe of Makhleb (D:7)
  A cyclops (D:11)
  2 manticores (D:11)
  A moth of wrath (D:7)
  3 kobold demonologists
  Prince Ribbit (D:8)
  A hippogriff (D:8)
  25 yaks
  A wyvern (D:7)
  3 hogs (D:7)
  A human (D:7)
  3 hungry ghosts
  A vampire mosquito (D:12)
  3 wargs (D:10)
  7 orc warriors
  5 ice beasts
  3 black bears
  2 sky beasts
  4 phantoms
  3 centaurs
  6 ogres
  2 crocodiles (D:7)
  15 big kobolds
  8 bullfrogs
  A wyvern skeleton (D:9)
  3 scorpions
  12 killer bees
  11 wights
  A howler monkey (D:4)
  4 crimson imps
  5 bullfrog zombies
  A centaur zombie (D:10)
  8 hounds
  4 jellies
  2 bullfrog skeletons (D:12)
  11 orc priests
  An iguana (D:6)
  3 centaur skeletons
  15 orc wizards
  14 worker ants
  A hound skeleton (D:6)
  2 worker ant zombies
  9 adders
  A shadow imp (D:6)
  An ooze (D:3)
  2 worms
  11 leopard geckos
  42 orcs
  7 bats
  3 giant cockroaches
  6 goblins
  6 hobgoblins
  2 jackals (D:6)
  4 quokkas
  A ball python (D:3)
  5 frilled lizards
  2 giant cockroach zombies (D:5)
  39 kobolds
  A quokka zombie (D:5)
  6 rats
353 creatures vanquished.

Vanquished Creatures (others)
  A worker ant (D:8)
  A kobold (D:10)
2 creatures vanquished.

Grand Total: 355 creatures vanquished

Notes
Turn   | Place    | Note
-------+----------+-------------------------------------------
     0 | D:1      | Peloso the Demonspawn Fighter began the quest for the Orb.
     0 | D:1      | Reached XP level 1. HP: 18/18 MP: 1/1
    93 | D:1      | Gained mutation: You are partially covered in slimy green
                  | scales. (AC +2) [demonic ancestry]
    93 | D:1      | Reached XP level 2. HP: 11/24 MP: 2/2
   752 | D:2      | Gained mutation: You sometimes gain a little power by
                  | taking damage. [demonic ancestry]
   752 | D:2      | Reached XP level 3. HP: 29/29 MP: 3/3
  1883 | D:2      | Reached skill level 1 in Dodging
  1883 | D:2      | Gained mutation: When hurt, damage is shared between your
                  | health and your magic reserves. [demonic ancestry]
  1883 | D:2      | Reached XP level 4. HP: 2/35 MP: 4/4
  2512 | D:3      | Found an iron altar of Okawaru.
  2541 | D:3      | Gained mutation: You have large cloven feet. [demonic
                  | ancestry]
  2541 | D:3      | Reached XP level 5. HP: 37/41 MP: 5/5
  2556 | D:3      | Became a worshipper of Warmaster Okawaru
  2690 | D:3      | Found a hazy altar of Hepliaklqana.
  3725 | D:4      | Noticed a centaur
  3727 | D:4      | Killed a centaur
  3833 | D:4      | Gained mutation: You are mostly covered in slimy green
                  | scales. (AC +3) [demonic ancestry]
  3833 | D:4      | Reached XP level 6. HP: 33/47 MP: 4/6
  4063 | D:4      | Found a staircase to the Ecumenical Temple.
  4117 | D:4      | Found a sacrificial altar of Ru.
  4117 | D:4      | Found a bloodstained altar of Trog.
  4229 | D:4      | Found a shadowy altar of Dithmenos.
  4340 | D:4      | Found a shimmering blue altar of Sif Muna.
  4734 | D:5      | Entered Level 5 of the Dungeon
  4740 | D:5      | Noticed an ice beast
  4797 | D:4      | Killed an ice beast
  5010 | D:5      | Noticed a two-headed ogre
  5327 | D:6      | Reached skill level 5 in Shields
  5327 | D:6      | Reached XP level 7. HP: 51/53 MP: 5/7
  5429 | D:6      | Reached * piety under Okawaru
  5975 | D:5      | Reached skill level 5 in Long Blades
  5975 | D:5      | Gained mutation: You have hoof-like feet. [demonic
                  | ancestry]
  5975 | D:5      | Reached XP level 8. HP: 60/60 MP: 6/8
  6378 | D:6      | Found a shimmering altar of Xom.
  6702 | D:6      | Reached ** piety under Okawaru
  7368 | D:7      | Reached skill level 5 in Armour
  7368 | D:7      | Gained mutation: You sometimes gain power by taking damage.
                  | [demonic ancestry]
  7368 | D:7      | Reached XP level 9. HP: 65/67 MP: 6/9
  7428 | D:7      | Found a transporter.
  7574 | D:7      | Noticed a moth of wrath
  7579 | D:7      | Noticed sirjames's ghost (novice DDNe)
  7604 | D:7      | Found a transporter.
  7743 | D:7      | Reached *** piety under Okawaru
  7743 | D:7      | Reached skill level 5 in Fighting
  8726 | D:8      | Reached skill level 1 in Stealth
  8793 | D:8      | Noticed Prince Ribbit
  8807 | D:8      | Killed Prince Ribbit
  8807 | D:8      | Gained mutation: You regenerate magic rapidly. [demonic
                  | ancestry]
  8807 | D:8      | Reached XP level 10. HP: 62/75 MP: 7/10
  8874 | D:8      | Noticed Erica
  8892 | D:8      | Killed Erica
  8892 | D:8      | Reached **** piety under Okawaru
  8892 | D:8      | Reached skill level 1 in Invocations
  9099 | D:8      | Noticed a two-headed ogre
  9118 | D:8      | Killed a two-headed ogre
  9555 | D:9      | Found Loboreka's Antique Armour Shoppe.
  9568 | D:9      | Reached ***** piety under Okawaru
  9721 | D:9      | Found Duac's Gadget Shoppe.
  9834 | D:9      | Noticed an orange demon
  9854 | D:9      | Reached skill level 10 in Long Blades
  9881 | D:9      | Reached XP level 11. HP: 77/81 MP: 12/12
 10024 | D:9      | Found a white marble altar of Elyvilon.
 10027 | D:9      | Found an opulent altar of Gozag.
 10040 | D:9      | Found a stormy altar of Qazlal.
 10043 | D:9      | Found an ornate altar of the Wu Jian Council.
 10111 | D:9      | Found Ofrup's Weapon Shop.
 10238 | D:9      | Found Nacev's Antique Weapon Emporium.
 10556 | D:10     | Entered Level 10 of the Dungeon
 10841 | D:10     | Received a gift from Okawaru
 10856 | D:10     | Got an ancient long sword {god gift}
 10857 | D:10     | Identified the +1 long sword of Natyis {freeze, *Drain +Inv
                  | Str+9 Dex-2} (Okawaru gifted it to you on level 10 of the
                  | Dungeon)
 11564 | D:10     | Found a staircase to the Lair.
 11571 | D:10     | Reached skill level 10 in Shields
 12613 | D:11     | Received a gift from Okawaru
 13217 | D:11     | Noticed a soul eater
 14231 | D:12     | Gained mutation: You have hooves in place of feet. [demonic
                  | ancestry]
 14231 | D:12     | Reached XP level 12. HP: 90/91 MP: 13/13
 14281 | D:12     | Reached ****** piety under Okawaru
 14316 | D:13     | Found a gate to the Vaults.
 14384 | D:12     | HP: 4/92 [orc priest/divine providence (11)]
 14398 | D:11     | Received a gift from Okawaru
 15002 | D:7      | Killed sirjames's ghost
 15600 | D:7      | HP: 4/92 [something (13)]
 15601 | D:7      | Engulfed by a cloud of freezing vapour

Illustrated notes

Levels and vault maps discovered:
D:1:      minmay_arrival_hallway, layout_rooms, due_unseen_surprise
D:2:      layout_rooms
D:3:      layout_basic, old_standard_altar, lemuel_doored_altar
D:4:      layout_basic, gammafunk_temple_overflow_wave, led_sif_pool,
          grunt_dithmenos_smoke, minmay_temple_entry_nine_rooms, first_ration
D:5:      layout_rooms, lightli_corner_chamber
D:6:      layout_loops_ring, lemuel_round_altar
D:7:      lemuel_ice_spiral_2, layout_basic, gammafunk_ghost_berserking_beasts,
          grunt_livestock, chequers_serial_rivers_small_3
D:8:      layout_loops_ring, grunt_potential, uniq_prince_ribbit1, uniq_erica
D:9:      layout_roguey [special_room_kobold], grunt_temple_overflow_cloverleaf,
          serial_shops, shop, shop, nicolae_shop_stone, shop,
          minmay_starry_boxes
D:10:     layout_cave_pods, erik_lair_orcish_takeover
D:11:     layout_layer_cave
D:12:     layout_loops_ring, david_orc_4
D:13:     kennysheep_four_of_diamonds, layout_basic, erik_vaults_1

Skill      XL: |  1  2  3  4  5  6  7  8  9 10 11 |
---------------+----------------------------------+-----
Long Blades    | 2 3 5 6 8 10 11 | 11.5
Armour         | 3 4 5 6 7 |  7.2
Shields        | 3 4 5 6 7 9 11 | 11.6
Dodging        | 1 |  1.7
Fighting       | 4 5 6 7 |  7.7
Stealth        | 1 |  1.6
Invocations    | 2 |  2.5

Action                   |  1- 3 |  4- 6 |  7- 9 | 10-12 || total
-------------------------+-------+-------+-------+-------++-------
Melee: Long sword        |   160 |   152 |   452 |   439 ||  1203
       Kick              |       |    40 |   132 |   275 ||   447
       Scimitar          |       |       |       |   293 ||   293
       Double sword      |       |       |       |    28 ||    28
Invok: Heroism           |       |       |     6 |     9 ||    15
  Use: Scroll            |     5 |       |     4 |     8 ||    17
       Potion            |     2 |       |     2 |     4 ||     8
  Eat: Chunk             |     2 |     4 |    12 |    17 ||    35
       Ration            |       |     2 |     1 |     2 ||     5
Armor: Scale mail        |    80 |       |       |       ||    80
       Chain mail        |    33 |    26 |       |       ||    59
       Plate armour      |       |    66 |   172 |   252 ||   490
Dodge: Dodged            |    35 |    22 |    52 |   151 ||   260
Block: Kite shield       |    92 |   119 |   318 |   724 ||  1253
       Reflection        |       |     3 |     7 |    19 ||    29
       Rpst.: Long sword |    10 |     8 |    14 |    36 ||    68
       Scimitar          |       |       |       |    10 ||    10
       Double sword      |       |       |       |     2 ||     2
